[Event "ICC tourney 1994 (90 10)"]
[Site "Internet Chess Club"]
[Date "2020.09.07"]
[Round "6"]
[White "ThunderingFish"]
[Black "chessisthebest1"]
[Result "0-1"]
[ICCResult "White resigns"]
[WhiteElo "1897"]
[BlackElo "1902"]
[Opening "Réti: King's Indian attack, French variation"]
[ECO "A07"]
[NIC "QP.09"]
[Time "15:32:19"]
[TimeControl "5400+10"]

1. Nf3 d5 2. g3 Nf6 3. Bg2 e6 4. O-O c5 5. d3 Nc6 6. Nbd2 Be7 7. e4 O-O 8.
Re1 b5 9. a4 b4 10. b3 a5 11. h4 Bb7 12. Bb2 Qc7 13. Qe2 Rfe8 14. Ng5 dxe4
15. Ndxe4 Nd5 16. Qh5 Bxg5 17. Qxg5 Nd4 18. Rac1 h6 19. Qh5 Rac8 20. Qd1 Qb6
21. Nd2 Qa7 22. Nc4 Red8 23. Ne5 Nb6 24. Qh5 Bxg2 25. Kxg2 Qb7+ 26. f3 f6
27. Nc4 Nxc4 28. dxc4 e5 29. Re4 Nxb3 30. cxb3 Rd2+ 31. Kh3 Rxb2 32. Rd1 Qe7
33. Rg4 Kh8 34. Qf5 Rd8 35. Rd3 Rd4 36. Qc8+ Kh7 37. Qf5+ Kg8 38. Qc8+ Qf8
39. Qe6+ Kh8 40. Rgxd4 exd4 41. g4 Qb8 42. f4 Qxf4 43. Qc8+ Kh7 44. Qf5+
Qxf5 45. gxf5 Rf2 46. Kg3 Rxf5 47. Kg4 Re5 48. Kf4 g5+ 49. hxg5 hxg5+ 50.
Kf3 Re3+ 51. Rxe3 dxe3 52. Kxe3 f5 53. Kf3 Kg6 54. Ke3 Kh5 55. Kf3 g4+ 56.
Kg3 Kg5 57. Kg2 f4 58. Kf2 g3+ {White resigns} 0-1

[Event "ICC tourney 1994 (90 10)"]
[Site "Internet Chess Club"]
[Date "2020.09.07"]
[Round "6"]
[White "kingcaleb"]
[Black "HarleyQueen8"]
[Result "1-0"]
[ICCResult "Black checkmated"]
[WhiteElo "2104"]
[BlackElo "1839"]
[Opening "Sicilian"]
[ECO "B50"]
[NIC "SI.01"]
[Time "15:32:16"]
[TimeControl "5400+10"]

1. e4 c5 2. Nf3 d6 3. c3 Nc6 4. d4 cxd4 5. cxd4 e6 6. Nc3 Nf6 7. Be2 Be7 8.
O-O O-O 9. h3 a6 10. a4 Bd7 11. Re1 Qb6 12. Bc4 Rac8 13. Ba2 Nb4 14. Bb1 Nc6
15. e5 Nd5 16. Qd3 g6 17. Qd2 Na5 18. Qh6 Rfe8 19. Ng5 Bxg5 20. Bxg5 dxe5
21. dxe5 Qc5 22. Ne4 Qf8 23. Qh4 Rc4 24. Ba2 Rxe4 25. Rxe4 Rc8 26. Bxd5 exd5
27. Ree1 Nb3 28. Rad1 Rc4 29. Qxc4 dxc4 30. Rxd7 Kg7 31. e6 Qb4 32. Rxf7+
Kg8 33. Rd1 Nd4 34. Rxd4 Qe1+ 35. Kh2 Qxe6 36. Rdf4 Qd6 37. Bh6 b5 38. Rf8+
Qxf8 39. Rxf8# {Black checkmated} 1-0

[Event "ICC tourney 1994 (90 10)"]
[Site "Internet Chess Club"]
[Date "2020.09.07"]
[Round "6"]
[White "canary2016"]
[Black "town"]
[Result "0-1"]
[ICCResult "White resigns"]
[WhiteElo "1996"]
[BlackElo "2163"]
[Opening "Queen's pawn, Mason variation, Steinitz counter-gambit"]
[ECO "D00"]
[NIC "QP.08"]
[Time "15:32:19"]
[TimeControl "5400+10"]

1. d4 d5 2. Bf4 c5 3. e3 Nc6 4. Nf3 Nf6 5. c3 Qb6 6. Qc1 Bf5 7. Nbd2 e6 8.
Nh4 Be4 9. f3 Bg6 10. Nxg6 hxg6 11. Bg3 Rc8 12. Nb3 c4 13. Nd2 Nh5 14. Bf2
Bd6 15. f4 Qc7 16. Be2 f5 17. Nf3 Nf6 18. Ne5 Bxe5 19. fxe5 Ne4 20. O-O g5
21. Be1 g4 22. Bd1 g5 23. g3 Qh7 24. Qc2 Qh3 25. Qg2 Qh6 26. Bc2 Rc7 27.
Bxe4 dxe4 28. Rf2 Ne7 29. Bd2 Nd5 30. Re1 Kd8 31. Bc1 Qf8 32. Ref1 Qe8 33.
Re1 Kc8 34. Qf1 Qa4 35. a3 Rch7 36. Qe2 Kb8 37. Qc2 Qxc2 38. Rxc2 b5 39. Rg2
a5 40. Bd2 Rb7 41. Rc1 Rc8 42. Re2 Rc6 43. Kg2 Kc7 44. Rh1 b4 45. axb4 axb4
46. cxb4 Ra7 47. Bc3 Ra2 48. Kf1 Ra1+ 49. Kg2 Rxh1 50. Kxh1 Ra6 51. Kg2 Ra1
52. Bd2 Ra2 53. b5 Kb6 54. Kf2 Kxb5 55. Bc1 Ra1 56. Bd2 Ra2 57. Be1 Ka4 58.
Kf1 Kb3 59. Bf2 Rxb2 60. Re1 c3 61. Rc1 c2 62. Ke2 Rb1 63. Kd2 Rxc1 64. Kxc1
Nb4 65. Kd2 Nd3 66. Bg1 c1=Q+ {White resigns} 0-1

[Event "ICC tourney 1994 (90 10)"]
[Site "Internet Chess Club"]
[Date "2020.09.07"]
[Round "6"]
[White "RagingKnightNC"]
[Black "chessrani"]
[Result "0-1"]
[ICCResult "White resigns"]
[WhiteElo "2076"]
[BlackElo "2033"]
[Opening "Sicilian: Keres variation (2.Ne2)"]
[ECO "B20"]
[NIC "SI.48"]
[Time "15:32:40"]
[TimeControl "5400+10"]

1. e4 c5 2. Ne2 Nc6 3. g3 g6 4. Bg2 Bg7 5. O-O e6 6. c3 Nge7 7. d3 O-O 8.
Be3 d6 9. f4 b6 10. d4 cxd4 11. Nxd4 Bb7 12. Na3 d5 13. Nxc6 Bxc6 14. exd5
Bxd5 15. Bd4 Bxd4+ 16. Qxd4 Nf5 17. Qe5 Bxg2 18. Kxg2 Qd2+ 19. Rf2 Ne3+ 20.
Kf3 Qxf2+ 21. Kxf2 Ng4+ 22. Ke2 Nxe5 23. fxe5 Rac8 24. Re1 Rc5 25. Kd3 Rd8+
26. Kc2 b5 27. b4 Rcd5 28. Re2 a6 29. Nb1 Kf8 30. Nd2 Ke7 31. Nf3 Rc8 32.
Re4 Rc4 33. Nd4 Rd8 34. Kb3 h5 35. Re3 Rdc8 36. h4 Kf8 37. Rd3 Kg7 38. Re3
g5 39. Rd3 Kg6 40. Rf3 g4 41. Rd3 Rd8 42. a4 Rd5 43. axb5 axb5 44. Nxb5
Rxb4+ 45. Kxb4 Rxd3 46. c4 Rxg3 47. c5 Rd3 48. Nd6 g3 49. c6 g2 50. c7 g1=Q
51. c8=Q Qb1+ 52. Ka4 Qa2+ 53. Kb5 Rb3+ 54. Kc4 Qc2+ 55. Kd4 Rd3+
{White resigns}
0-1

[Event "ICC tourney 1994 (90 10)"]
[Site "Internet Chess Club"]
[Date "2020.09.07"]
[Round "6"]
[White "joeandjoe56"]
[Black "vedrau"]
[Result "0-1"]
[ICCResult "White resigns"]
[WhiteElo "1809"]
[BlackElo "2024"]
[Opening "Ruy Lopez: closed, Kholmov variation"]
[ECO "C92"]
[NIC "RL.21"]
[Time "15:32:32"]
[TimeControl "5400+10"]

1. e4 e5 2. Nf3 Nc6 3. Bb5 a6 4. Ba4 Nf6 5. O-O Be7 6. Re1 b5 7. Bb3 d6 8.
c3 O-O 9. h3 Be6 10. Bc2 d5 11. exd5 Qxd5 12. d3 Rad8 13. Nbd2 Bc5 14. Nf1
h6 15. Be3 Bxe3 16. Nxe3 Qc5 17. Nf1 Rfe8 18. Ng3 Bc8 19. Nh4 e4 20. Qd2
exd3 21. Bb3 Qg5 22. Rxe8+ Nxe8 23. Qxg5 hxg5 24. Nf3 g4 25. Ng5 Nd6 26.
hxg4 Bxg4 27. f3 Bc8 28. Bd5 Ne7 29. Bb3 c5 30. Re1 c4 31. Bd1 Nd5 32. Re5
Bb7 33. N5e4 f6 34. Nxd6 fxe5 35. Nxb7 Rb8 36. Nc5 Ne3 37. Be2 dxe2 38. Nxe2
Kf7 39. Nxa6 Ra8 40. Nb4 Nd1 41. b3 Rxa2 42. Kf1 cxb3 43. Nd3 b2 44. Nxb2
Rxb2 45. Ke1 Ne3 {White resigns} 0-1

[Event "ICC tourney 1994 (90 10)"]
[Site "Internet Chess Club"]
[Date "2020.09.07"]
[Round "6"]
[White "justinchess"]
[Black "tangent"]
[Result "1-0"]
[ICCResult "Black resigns"]
[WhiteElo "2402"]
[BlackElo "2290"]
[Opening "English: symmetrical, hedgehog system"]
[ECO "A05"]
[NIC "EO.40"]
[Time "15:32:44"]
[TimeControl "5400+10"]

1. Nf3 Nf6 2. c4 e6 3. Nc3 b6 4. g3 c5 5. Bg2 Bb7 6. O-O Be7 7. Re1 a6 8. e4
d6 9. d4 cxd4 10. Nxd4 Qc7 11. b3 Nbd7 12. Bb2 Rc8 13. Qe2 O-O 14. Rad1 Rfe8
15. Nc2 b5 16. cxb5 axb5 17. Qxb5 Nc5 18. Qc4 Qb8 19. Qd4 Qa8 20. Nb4 Qa5
21. Nd3 e5 22. Qe3 Ne6 23. Qd2 Qa8 24. Nb4 Nd4 25. Nc2 Ne6 26. h3 h6 27. Qe2
Rc5 28. Na4 Ba6 29. Qd2 Rc7 30. Nb4 Bb7 31. Nb6 Qa7 32. Nc4 Rd7 33. Qe3 Qb8
34. Na5 Bd8 35. Nbc6 Qa8 36. Nxb7 Rxb7 37. Nxd8 Rxd8 38. a3 Nc5 39. b4 Na4
40. Ba1 Qc8 41. Rd3 Qe6 42. Red1 Nb6 43. Qe2 Rbd7 44. Kh2 h5 45. Rc1 Ra7 46.
Rc6 Nc4 47. Qa2 Nxa3 48. Qxe6 fxe6 49. Bxe5 Nd7 50. Rdxd6 Nb5 51. Rd2 Kf7
52. Bf4 Re8 53. Bf1 e5 54. Bxb5 exf4 55. Ra6 {Black resigns} 1-0

[Event "ICC tourney 1994 (90 10)"]
[Site "Internet Chess Club"]
[Date "2020.09.07"]
[Round "6"]
[White "panss"]
[Black "Jupiter435"]
[Result "1-0"]
[ICCResult "Black checkmated"]
[WhiteElo "2163"]
[BlackElo "2365"]
[Opening "Caro-Kann: two knights variation"]
[ECO "B11"]
[NIC "CK.01"]
[Time "15:32:24"]
[TimeControl "5400+10"]

1. e4 c6 2. Nc3 d5 3. Nf3 Nf6 4. exd5 cxd5 5. h3 Nc6 6. d4 a6 7. Bd3 Nb4 8.
Bg5 Nxd3+ 9. Qxd3 e6 10. O-O Be7 11. Rfe1 O-O 12. a4 b6 13. Ne5 Bb7 14. Re3
Rc8 15. Qe2 Ne4 16. Nxe4 dxe4 17. Bxe7 Qxe7 18. Rb3 Qc7 19. Rc3 Qd6 20. Rxc8
Rxc8 21. c3 f6 22. Nc4 Qc6 23. Ne3 h6 24. Qh5 Kh7 25. a5 b5 26. Rd1 Rd8 27.
Qc5 Kg6 28. Qxc6 Bxc6 29. Nc2 Bb7 30. Nb4 Kf7 31. Kf1 g5 32. Ke2 Ke7 33. h4
Kf7 34. hxg5 fxg5 35. Rh1 Kg6 36. g4 Rf8 37. Rg1 Rf4 38. b3 Rf3 39. Rg3 Rf8
40. c4 bxc4 41. bxc4 Rc8 42. Rc3 h5 43. gxh5+ Kxh5 44. c5 Rb8 45. c6 Bc8 46.
Nc2 Kg6 47. Ke3 Kf6 48. Kxe4 Rb2 49. Ne3 Ke7 50. Rc5 Rxf2 51. Rxg5 Kd6 52.
Nc4+ Kc7 53. Rg8 Re2+ 54. Kd3 Ra2 55. Kc3 Ra1 56. Kb2 Rd1 57. Nb6 Kxc6 58.
Rxc8+ Kb5 59. Kc3 Rc1+ 60. Kb3 Rb1+ 61. Kc2 Ra1 62. Nd7 Kxa5 63. Rb8 Ra2+
64. Kc3 Ra3+ 65. Kc4 Ra1 66. Nc5 Rc1+ 67. Kd3 Rd1+ 68. Kc2 Re1 69. Kd2 Rh1
70. Nxe6 Rh2+ 71. Kd3 Rh1 72. Kc4 Rc1+ 73. Kd5 Rh1 74. Kd6 Rh6 75. d5 Ka4
76. Kc5 a5 77. Ra8 Rh1 78. d6 Rc1+ 79. Kd5 Rd1+ 80. Nd4 Kb4 81. Rxa5 Kxa5
82. d7 Kb4 83. d8=Q Kc3 84. Qa5+ Kd3 85. Qa3+ Kd2 86. Qb2+ Ke3 87. Qe2+ Kf4
88. Qxd1 Kg3 89. Qf3+ Kh2 90. Qg4 Kh1 91. Ne2 Kh2 92. Qg3+ Kh1 93. Qg1#
{Black checkmated}
1-0

[Event "ICC tourney 1994 (90 10)"]
[Site "Internet Chess Club"]
[Date "2020.09.07"]
[Round "6"]
[White "Kyle2007"]
[Black "esrosenberg"]
[Result "1/2-1/2"]
[ICCResult "Game drawn by the 50 move rule"]
[WhiteElo "2011"]
[BlackElo "2216"]
[Opening "two knights defense: Bogolyubov variation"]
[ECO "C58"]
[NIC "KP.01"]
[Time "15:32:27"]
[TimeControl "5400+10"]

1. e4 e5 2. Nf3 Nc6 3. Bc4 Nf6 4. Ng5 d5 5. exd5 Na5 6. Bb5+ c6 7. dxc6 bxc6
8. Qf3 h6 9. Ne4 cxb5 10. Nxf6+ gxf6 11. Qxa8 Qd7 12. Qf3 Bb7 13. Qe2 Bxg2
14. Rg1 Qh3 15. f4 Rg8 16. fxe5 Nc6 17. exf6+ Kd8 18. Qd3+ Qxd3 19. cxd3 Bc5
20. d4 Bxd4 21. Rxg2 Rxg2 22. Nc3 Bxf6 23. Kf1 Rxh2 24. Nxb5 Nd4 25. Nxd4
Bxd4 26. Rb1 f5 27. b4 f4 28. Bb2 Rh1+ 29. Kg2 Rxb1 30. Bxd4 Rxb4 31. Bxa7
Ra4 32. Bb8 Rb4 33. Be5 Re4 34. d4 Re2+ 35. Kf3 Rxa2 36. Bxf4 h5 37. Kg3 Ra1
38. Kh4 Rh1+ 39. Kg5 h4 40. Kg4 Kd7 41. d5 h3 42. Kg3 Rf1 43. Be5 Rf5 44.
Bb8 Rf8 45. Be5 Re8 46. Bf4 Re4 47. Bb8 Re8 48. Bf4 Rh8 49. Kh2 Ke8 50. Be5
Rh5 51. Bg3 Ke7 52. Bf4 Kf6 53. d6 Ke6 54. Bg3 Rh7 55. Kh1 Kf5 56. Bh2 Kg4
57. Be5 Ra7 58. d7 Rxd7 59. Bh2 Rd2 60. Bb8 Kf3 61. Bh2 Rd1+ 62. Bg1 Kg4 63.
Kh2 Rd2+ 64. Kh1 h2 65. Bxh2 Kh3 66. Bg1 Rb2 67. Bd4 Rb1+ 68. Bg1 Rb3 69.
Bh2 Rb2 70. Bg1 Kg3 71. Bd4 Rb1+ 72. Bg1 Kf3 73. Kh2 Rb2+ 74. Kh1 Kg3 75.
Bd4 Rh2+ 76. Kg1 Rd2 77. Be5+ Kf3 78. Kh1 Rd5 79. Bh2 Kf2 80. Bg1+ Kf1 81.
Bh2 Rg5 82. Bf4 Rg1+ 83. Kh2 Rg4 84. Bg3 Ra4 85. Kh1 Ra5 86. Bh2 Ra6 87. Bg3
Rg6 88. Bh2 Kf2 89. Be5 Rg1+ 90. Kh2 Rg4 91. Kh1 Re4 92. Bd6 Rh4+ 93. Bh2
Kf3 94. Kg1 Rg4+ 95. Kh1 Rh4 96. Kg1 Rd4 97. Kh1 Rd1+ 98. Bg1 Kg4 99. Kg2
Rd2+ 100. Kh1 Kg3 101. Bc5 Rh2+ 102. Kg1 Rd2 103. Kh1 Rd5 104. Bb6 Rf5 105.
Bc7+ Kf3 106. Bb8 Rb5 107. Bh2 Rb1+ 108. Bg1 Rf1 109. Kh2 Rd1 110. Kh1 Rd5
111. Bh2 Kf2 112. Bg1+ Kf1 113. Bh2 Rg5 114. Bf4 Rg2 115. Bh2 Kf2 116. Bd6
{Game drawn by the 50 move rule}
1/2-1/2